[Event "Torneo Nuevo Centro. Jornada 8"]
[Site "Chess.com"]
[Date "2020.08.07"]
[Round "1"]
[White "Tormos Beltran, Maite"]
[Black "Aymerich Rosell, Pablo"]
[Result "0-1"]
[WhiteElo "1430"]
[BlackElo "1934"]
[TimeControl "180+2"]
[EndTime "10:32:53 PDT"]
[Termination "Victoria de jasikevic por abandono"]

1. d4 Nf6 2. c4 g6 3. Nc3 Bg7 4.
Nf3 d6 5. g3 O-O 6. Bg2 Nc6 7.
O-O e5 8. Re1 Bg4 9. d5 Bxf3 10.
e4 Bxg2 11. dxc6 Bh3 12. cxb7 Rb8 13. Qb3 Nd7 14. Nb5 Rxb7 15. a4 Nc5 16. Qc3 Qd7 17. Be3 Ne6 18. Rad1 a6 19. Na3 f5 20. c5 f4 21. Bc1 0

[Event "Torneo Nuevo Centro. Jornada 8"]
[Site "Chess.com"]
[Date "2020.08.07"]
[Round "1"]
[White "Castellano López, Javier"]
[Black "Miranda Calvo, Max Rodrigo"]
[Result "1-0"]
[WhiteElo "1889"]
[BlackElo "1348"]
[TimeControl "180+2"]
[EndTime "10:34:05 PDT"]
[Termination "Victoria de its_xavi_official por abandono"]

1. d4 d5 2. Bf4 h5 3. h4 Bf5 4. e3 e6 5. c3 Nd7 6. Be2 Be7 7. Nf3 Ngf6 8. Bd3 Bg4 9. Nbd2 O-O 10.
Qc2 c6 11. O-O Bxf3 12. Nxf3 Ne4 13. Bxe4 dxe4 14. Qxe4 Bxh4 15. g3 f5 16. Qxe6+ 1

[Event "Torneo Nuevo Centro. Jornada 8"]
[Site "Chess.com"]
[Date "2020.08.07"]
[Round "1"]
[White "Martínez Escandell, Alfonso"]
[Black "Perrot, Fabien "]
[Result "1-0"]
[WhiteElo "1836"]
[BlackElo "1003"]
[TimeControl "180+2"]
[EndTime "10:35:45 PDT"]
[Termination "Victoria de Alfonso10 por abandono"]

1. e4 e5 2. Nf3 Nc6 3. Bb5 a6 4. Ba4 b5 5. Bb3 Be7 6. c3 Nf6 7. d3 d6 8. O-O Bg4 9. h3 Bh5 10. Re1 O-O 11. Nbd2 a5 12. Nf1 a4 13. Bc2 Qd7 14.
Ng3 Bg6 15. Nh4 Nh5 16. Nxg6 fxg6 17. Nxh5 gxh5 18. Qxh5 Bd8 19. Be3 Qf7 20. Qxf7+ Rxf7 21. b3 axb3 22. Bxb3 Bf6 23. Bxf7+ Kxf7 24. Reb1 Rf8 25.
Rxb5 Kg8 26. Rb7 Rc8 27. a4 Na5 28. Rb5 Nc6 29. a5 Ne7 30. a6 Nc6 31. a7 Nxa7 32.
Rxa7 1

[Event "Torneo Nuevo Centro. Jornada 8"]
[Site "Chess.com"]
[Date "2020.08.07"]
[Round "1"]
[White "Blanco Solaz, Ramón"]
[Black "Gukasov, Artem"]
[Result "1-0"]
[WhiteElo "1964"]
[BlackElo "1521"]
[TimeControl "180+2"]
[EndTime "10:36:30 PDT"]
[Termination "Victoria de Rbs77 por abandono"]

1. g3 Nf6 2. c4 g6 3. Bg2 Bg7 4. Nc3 O-O 5. e4 d6 6. Nge2 e5 7. O-O Nc6 8. d3 Re8 9. h3 Qe7 10. Be3 Be6 11. Qd2 a6 12. b3 Rab8 13. f4 Bd7 14.
Rae1 h5 15. d4 exd4 16. Nxd4 Nh7 17. Nd5 Qd8 18. f5 Nf6 19. Bg5 Nxe4 20. Rxe4 f6 21. Rxe8+ Bxe8 22. Be3 Nxd4 23. Bxd4 c6 24. Nf4 g5 25. Ne6 Qe7 26. Nxg5 fxg5 27. f6 Bxf6 28. Bxf6 Qf7 29. Qxg5+ Qg6 30. Qe3 Bd7 31. Be4 Qf7 32. Qg5+ Kf8 33. Be7+ 1

[Event "Torneo Nuevo Centro. Jornada 8"]
[Site "Chess.com"]
[Date "2020.08.07"]
[Round "1"]
[White "Conejero Martínez, Víctor"]
[Black "Pedros Viudes, Santiago"]
[Result "0-1"]
[WhiteElo "1376"]
[BlackElo "1912"]
[TimeControl "180+2"]
[EndTime "10:37:43 PDT"]
[Termination "Victoria de ElGatoKamsky por jaque mate"]

1. d4 Nf6 2. c4 e5 3. Nc3 Nc6 4. Nf3 exd4 5. Nxd4 Bb4 6. Bg5 Bxc3+ 7. bxc3 h6 8. Bf4 d6 9. e3 O-O 10. Bd3 Ne5 11. Be2 Re8 12. Nf3 Ng6 13. Bg3 b6 14.
Nh4 Ne5 15. O-O Ba6 16. Bxe5 dxe5 17. Qc2 Qd7 18. Rfd1 Qe6 19. Qa4 Bb7 20. Bf3 e4 21. Be2 g5 22. f3 exf3 23. Nxf3 Qxe3+ 24. Kh1 Ng4 25. Re1 Nf2+ 26. Kg1 Nh3+ 27. Kf1 Qf2# 0

[Event "Torneo Nuevo Centro. Jornada 8"]
[Site "Chess.com"]
[Date "2020.08.07"]
[Round "1"]
[White "Ainsa Jimenez, Lucas"]
[Black "Gómez Alonso, Óscar"]
[Result "0-1"]
[WhiteElo "1045"]
[BlackElo "1838"]
[TimeControl "180+2"]
[EndTime "10:37:50 PDT"]
[Termination "Victoria de osgo78 por tiempo"]

1. e4 c5 2. Nf3 e6 3. Bc4 d6 4. d4 cxd4 5. Nxd4 Nc6 6. Nxc6 bxc6 7. O-O h6 8. Nc3 e5 9. Qf3 Nf6 10. Be3 Be7 11. Qg3 g6 12. Qh4 Nd5 13. Qg3 Nxc3 14. bxc3 Bh4 15. Qf3 O-O 16. Bxh6 Be7 17. Bxf8 Qxf8 18.
Bb3 Kg7 19. a4 Bb7 20. Qg3 a5 21. Rad1 Bc8 22. h3 Qh8 23. Qf3 f6 0

[Event "Torneo Nuevo Centro. Jornada 8"]
[Site "Chess.com"]
[Date "2020.08.07"]
[Round "1"]
[White "Pardo Ruiz, Carlos"]
[Black "Kovacevic, Slobodan"]
[Result "1-0"]
[WhiteElo "1679"]
[BlackElo "2240"]
[TimeControl "180+2"]
[EndTime "10:38:10 PDT"]
[Termination "Victoria de Carlitoscarlsen por tiempo"]

1. e4 c5 2. Nf3 e6 3. d4 cxd4 4. Nxd4 a6 5. Nc3 Qc7 6. a3 b5 7. Be3 Bb7 8. Qd2 Nf6 9. f3 b4 10. axb4 Bxb4 11. Ra4 Be7 12. Be2 O-O 13. O-O d6 14.
Raa1 Nbd7 15. Rfd1 Ne5 16. Nb3 Rfb8 17. Na4 Nfd7 18. Qc3 Nc5 19. Naxc5 dxc5 20. Bxc5 Ng6 21. Bxe7 Qxe7 22. Qc5 Qf6 23. c3 h6 24. Nd4 Nf4 25.
Bf1 Kh7 26. g3 Ng6 27. Kg2 Ne5 28. Be2 g5 29. Qc7 Kg7 30. Rf1 g4 31. fxg4 Bxe4+ 32. Kg1 1

[Event "Torneo Nuevo Centro. Jornada 8"]
[Site "Chess.com"]
[Date "2020.08.07"]
[Round "1"]
[White "Luque Saiz, Andrés"]
[Black "Donate Peris, Jose Manuel"]
[Result "1-0"]
[WhiteElo "2003"]
[BlackElo "1543"]
[TimeControl "180+2"]
[EndTime "10:38:32 PDT"]
[Termination "Victoria de Chuch1n por abandono"]

1. e4 e6 2. d4 d5 3. Nd2 dxe4 4.
Nxe4 Nf6 5. Bd3 Nxe4 6. Bxe4 Bd6 7. Nf3 Nd7 8. Qe2 O-O 9. c3 Nb6 10. Bg5 f6 11. Bd2 Re8 12. O-O Nd5 13. c4 f5 14. Bb1 Nf6 15. c5 Be7 16. Bf4 Bd7 17. Ng5 Bf8 18. Qc4 Nd5 19. Be5 Qxg5 20. a4 b6 21. Ra3 bxc5 22. Rg3 Qe7 23. dxc5 Nf6 24. c6 Bc8 25. Bxf5 g6 26. Bc2 Kf7 27. Rf3 Bg7 28. Qc3 Rf8 29. Bd4 Kg8 30. Bc5 Qe8 31.
Bxf8 Qxf8 32. Qe3 Qe7 33. Rd1 Nd5 34. Rxd5 1

[Event "Torneo Nuevo Centro. Jornada 8"]
[Site "Chess.com"]
[Date "2020.08.07"]
[Round "1"]
[White "Montesinos Diaz, Luis"]
[Black "Grigorev, Artur "]
[Result "1-0"]
[WhiteElo "1821"]
[BlackElo "975"]
[TimeControl "180+2"]
[EndTime "10:38:34 PDT"]
[Termination "Victoria de Gwiso_06 por tiempo"]

1. d4 d5 2. c4 e6 3. cxd5 exd5 4.
Nc3 Nf6 5. Bg5 Nbd7 6. e3 h6 7.
Bh4 Bb4 8. Nf3 b6 9. Bb5 Bb7 10.
Ne5 g5 11. Bg3 O-O 12. Nxd7 Nxd7 13. Qa4 Bxc3+ 14. bxc3 Bc8 15. Bc6 Rb8 16. Bxd5 Nc5 17. dxc5 Qxd5 18. cxb6 Rxb6 19. O-O Bb7 20. f3 g4 21.
Qxg4+ Rg6 22. Qd4 Qe6 23. Rab1 Bc6 24. Bxc7 Qxa2 25. Bg3 h5 26. Ra1 Qb3 27. Rxa7 h4 28.
Qxh4 Qxc3 29. Qd4 Qxd4 30. exd4 Rh6 31. Rd1 Kg7 32. d5 1

[Event "Torneo Nuevo Centro. Jornada 8"]
[Site "Chess.com"]
[Date "2020.08.07"]
[Round "1"]
[White "Gimenez Saiz, Jose Raul"]
[Black "Sos Andreu, Eric"]
[Result "0-1"]
[WhiteElo "1720"]
[BlackElo "2544"]
[TimeControl "180+2"]
[EndTime "10:39:38 PDT"]
[Termination "Victoria de ericovski por tiempo"]

1. d4 Nf6 2. e3 g6 3. Bd3 Bg7 4. c3 O-O 5. Nd2 d6 6. f4 Nc6 7. Ngf3 e5 8. fxe5 dxe5 9. O-O Re8 10. Ne4 Nxe4 11. Bxe4 exd4 12. Bxc6 bxc6 13. exd4 Qd5 14. Bf4 Rb8 15. b3 Qa5 16. Qd3 Ba6 17. c4 Rbd8 18. Bd2 Qh5 19. Bc3 Bc8 20. Rae1 Bf5 21. Qd2 Be4 22. Qf2 Bxf3 23. Rxe8+ Rxe8 24. Qxf3 Qxf3 25. Rxf3 Re2 26. a4 Rc2 27. Kf1 c5 28. Rd3 f5 29. Ba5 Bxd4 30. Bxc7 Rf2+ 31. Ke1 Rxg2 32. b4 Kf7 33. bxc5 Bxc5 34. Bb8 a5 35. Rd7+ Ke6 36. Rxh7 Rc2 37. Rg7 Kf6 38. Rc7 Rxc4 39. Rc6+ Kg5 40. Ke2 Re4+ 41. Kf3 Bb4 42. Ra6 Rc4 43.
Bg3 Rc3+ 44. Kg2 Ra3 45. Bc7 Rxa4 46. Bd8+ Kh5 47. h4 Ra2+ 48. Kf3 Ra3+ 49. Kg2 Rd3 50. Bxa5 Ra3 0

[Event "Torneo Nuevo Centro. Jornada 8"]
[Site "Chess.com"]
[Date "2020.08.07"]
[Round "1"]
[White "Bercaru, Vlad Ionut"]
[Black "Méndez Giménez , Néstor Emmanuel"]
[Result "1-0"]
[WhiteElo "1878"]
[BlackElo "1185"]
[TimeControl "180+2"]
[EndTime "10:39:46 PDT"]
[Termination "Victoria de Rata29 por jaque mate"]

1. d4 e6 2. Nf3 d5 3. Bf4 Bd6 4. e3 Nf6 5. Bd3 Bxf4 6. exf4 Nc6 7. c3 b6 8. Nbd2 Bb7 9. O-O O-O 10. Ne5 Qd6 11.
Ndf3 Ne4 12. Bxe4 dxe4 13. Nd2 Nxe5 14. fxe5 Qd5 15. Qg4 f5 16. Qg5 f4 17. Rae1 Rf5 18.
Qg4 e3 19. fxe3 fxe3 20. Rxe3 h5 21. Qe4 Rxf1+ 22. Kxf1 Qb5+ 23. c4 Qxb2 24. Qxb7 Qxd2 25. Qxa8+ Kh7 26. Qe4+ Kg8 27. Re2 Qd1+ 28. Kf2 Qa4 29. d5 exd5 30. Qxd5+ Kh7 31. Qe4+ Kg8 32. c5 Qa5 33.
cxb6 Qxb6+ 34. Qe3 Qe6 35. Qb3 Qf7+ 36. Qxf7+ Kxf7 37. e6+ Ke7 38. Re3 g6 39. Ke2 c6 40. Kd3 a5 41. Kc4 a4 42. Kc5 a3 43. Kxc6 g5 44.
Kd5 g4 45. Re5 h4 46. Re4 h3 47. gxh3 gxh3 48. Rh4 Ke8 49. Rh7 Kd8 50. Kd6 Ke8 51. Rh8# 1

[Event "Torneo Nuevo Centro. Jornada 8"]
[Site "Chess.com"]
[Date "2020.08.07"]
[Round "2"]
[White "Rabbani Perez, Oumaima "]
[Black "Tormos Beltran, Maite"]
[Result "0-1"]
[WhiteElo "622"]
[BlackElo "1430"]
[TimeControl "180+2"]
[EndTime "10:42:31 PDT"]
[Termination "Victoria de TORBEL79 por jaque mate"]

1. e3 e5 2. Bc4 Nf6 3. Nf3 d5 4. Bb3 Bg4 5. Ba4+ c6 6. Bb3 Bd6 7. O-O e4 8. h3 exf3 9. hxg4 Nxg4 10. gxf3 Bh2+ 11. Kh1 Qh4 12. fxg4 Bd6+ 13. Kg1 Qh2# 0

[Event "Torneo Nuevo Centro. Jornada 8"]
[Site "Chess.com"]
[Date "2020.08.07"]
[Round "2"]
[White "Gukasov, Artem"]
[Black "Fitzpatrick Dimas, Kevin"]
[Result "1-0"]
[WhiteElo "1522"]
[BlackElo "885"]
[TimeControl "180+2"]
[EndTime "10:43:03 PDT"]
[Termination "Victoria de ArtemGukasov por abandono"]

1. e4 e5 2. Nf3 Nc6 3. Bc4 Bc5 4. d3 d6 5. Nc3 Bg4 6. h3 Bxf3 7. Qxf3 Nf6 8. Bg5 O-O 9. Nd5 Bb4+ 10. c3 Bc5 11.
Nxf6+ gxf6 12. Bh6 Re8 13. Qg3+ Kh8 1

[Event "Torneo Nuevo Centro. Jornada 8"]
[Site "Chess.com"]
[Date "2020.08.07"]
[Round "2"]
[White "Conon, Catalin"]
[Black "Miranda Calvo, Max Rodrigo"]
[Result "1-0"]
[WhiteElo "1939"]
[BlackElo "1347"]
[TimeControl "180+2"]
[EndTime "10:44:21 PDT"]
[Termination "Victoria de CatalinConon por abandono"]

1. e4 e5 2. Nf3 Nc6 3. Bc4 Bc5 4. c3 d6 5. d4 exd4 6. cxd4 Bb4+ 7. Nc3 Bg4 8. O-O Nge7 9. h3 Bxf3 10. Qxf3 O-O 11. Be3 Bxc3 12. bxc3 Qd7 13. Qg3 Ng6 14. h4 Kh8 15. h5 Nge7 16. h6 g6 17. Qg5 a6 18.
Qf6+ 1

[Event "Torneo Nuevo Centro. Jornada 8"]
[Site "Chess.com"]
[Date "2020.08.07"]
[Round "2"]
[White "Beneyto de Ramon, Guillermo"]
[Black "Hernández Tomás, Efrén"]
[Result "1-0"]
[WhiteElo "1653"]
[BlackElo "1075"]
[TimeControl "180+2"]
[EndTime "10:46:06 PDT"]
[Termination "Victoria de GUILLETE por jaque mate"]

1. c4 e5 2. Nc3 Nf6 3. g3 Nc6 4. Bg2 Bc5 5. d3 Ng4 6. Ne4 d6 7. Nxc5 dxc5 8. Nf3 O-O 9. h3 Nf6 10. Bg5 h6 11. Bh4 Qe7 12. Qd2 e4 13. dxe4 Rd8 14. Qc3 Qe6 15. Bxf6 gxf6 16. O-O Qxe4 17. Qxf6 Re8 18.
e3 Qxc4 19. Qxh6 Qe6 20. Qh4 Ne5 21. Ng5 Qg6 22. f4 f6 23. Bd5+ Kg7 24. Be4 Qh6 25.
fxe5 fxg5 26. Rf7+ Kxf7 27. Qxh6 Rxe5 28. Qh7+ Kf6 29.
Qh8+ Ke6 30. Qe8+ Kd6 31. Rd1+ Rd5 32. Rxd5# 1

[Event "Torneo Nuevo Centro. Jornada 8"]
[Site "Chess.com"]
[Date "2020.08.07"]
[Round "2"]
[White "Pardo Ruiz, Carlos"]
[Black "Castellano López, Javier"]
[Result "0-1"]
[WhiteElo "1675"]
[BlackElo "1893"]
[TimeControl "180+2"]
[EndTime "10:48:22 PDT"]
[Termination "Victoria de its_xavi_official por jaque mate"]

1. e4 c6 2. d4 d5 3. exd5 cxd5 4. Bd3 Nc6 5. c3 Qc7 6. Nf3 Nf6 7. h3 g6 8. O-O Bf5 9. Re1 Bxd3 10. Qxd3 Bg7 11. Nbd2 O-O 12. Nb3 a5 13. Qb5 e6 14. Nc5 b6 15. Nd3 Na7 16. Qb3 Nd7 17. Bf4 Qc4 18. Qxc4 dxc4 19. Nde5 Nxe5 20. Bxe5 Nc6 21. Bxg7 Kxg7 22.
Rad1 Rfd8 23. Ne5 Ne7 24. Nxc4 b5 25. Ne5 b4 26. c4 Rac8 27. b3 Nf5 28. d5 exd5 29.
cxd5 Rc2 30. d6 Rxd6 31. Nc4 Rxd1 32. Rxd1 Rxa2 33. Rd5 a4 34. bxa4 Rxa4 35. Rb5 Nd4 36. Rb7 b3 37. Nd2 Ra3 38. Nc4 Ra1+ 39. Kh2 Rb1 40.
Kg3 g5 41. Nd2 Rb2 42. Nc4 Rc2 43. Na3 Rc3+ 44. Kg4 Kg6 45. Rb6+ f6 46. f4 h5# 0

[Event "Torneo Nuevo Centro. Jornada 8"]
[Site "Chess.com"]
[Date "2020.08.07"]
[Round "2"]
[White "Serrano Requena, Guillem"]
[Black "Gimenez Saiz, Jose Raul"]
[Result "0-1"]
[WhiteElo "1320"]
[BlackElo "1722"]
[TimeControl "180+2"]
[EndTime "10:48:49 PDT"]
[Termination "Victoria de rango013 por jaque mate"]

1. d4 d6 2. c4 e5 3. Nf3 exd4 4. Nxd4 g6 5. Nc3 Bg7 6. e4 Nd7 7. Be3 Ngf6 8. Bd3 O-O 9. O-O Ne5 10. Bc2 Nxc4 11. Bb3 Nxe3 12. fxe3 Bg4 13. Qe1 a6 14. Rc1 c5 15. Nf3 b5 16. e5 dxe5 17. Nxe5 c4 18. Nxg4 Nxg4 19. Bc2 Qd6 20. Qh4 Nxe3 21. Rf3 Bd4 22.
Kh1 Bxc3 23. Rxe3 Qd2 24. Ree1 Bxb2 25. Red1 Qe3 26. Rb1 Bg7 27. Re1 Qc5 28. Qg4 Rad8 29. Rbd1 Rxd1 30. Rxd1 Qb4 31. Rd7 Qe1# 0

[Event "Torneo Nuevo Centro. Jornada 8"]
[Site "Chess.com"]
[Date "2020.08.07"]
[Round "2"]
[White "Montesinos Diaz, Luis"]
[Black "Perez Garcia, Jose Miguel"]
[Result "1-0"]
[WhiteElo "1837"]
[BlackElo "2030"]
[TimeControl "180+2"]
[EndTime "10:49:28 PDT"]
[Termination "Victoria de Gwiso_06 por abandono"]

1. d4 d5 2. Nf3 c6 3. e3 Nf6 4.
Bd3 Nbd7 5. b3 g6 6. Bb2 Bg7 7. O-O O-O 8. Nbd2 e6 9. c4 Qe7 10. Ne5 Re8 11. f4 Nf8 12. g4 N6d7 13. Ndf3 f6 14.
Nxd7 Nxd7 15. g5 f5 16. Ne5 Nxe5 17. dxe5 b6 18. Rf3 Ba6 19. Rc1 Rac8 20. cxd5 Bxd3 21.
d6 Qd7 22. Qxd3 c5 23. a4 Qc6 24. Kf2 Red8 25. h4 Kf7 26. Rh3 Rd7 27. h5 Rdd8 28. Rc4 Rd7 29. e4 fxe4 30. Qxe4 Qxe4 31. Rxe4 gxh5 32.
Rxh5 Kg6 33. Rh1 a6 34. Rc1 Kf5 35. Kf3 b5 36. axb5 axb5 37. Ba3 h6 38. gxh6 Bxh6 39. Rxc5 Ra8 40. Rc7 Rxc7 41. dxc7 Rc8 42. Bd6 Bf8 43. Rb4 Rxc7 44. Bxf8 Rc3+ 45. Ke2 Rc2+ 46. Kd3 Rc1 47. Bh6 Rd1+ 48. Ke3 Rd5 49. Rd4 Rc5 50. b4 Rc3+ 51.
Kd2 Rh3 52. Bg5 Rb3 53. Kc2 Ra3 54. Rd3 Ra4 55. Kb3 Ke4 56. Rd6 Kf5 57. Rb6 Ra1 58.
Rxb5 Rb1+ 59. Kc2 Ra1 60. Rc5 Ra2+ 61. Kb3 Ra1 62. Rc2 Ke4 63. b5 Kd5 64. b6 Ra6 65.
Bd8 Ra5 66. Kb4 Ra1 67. Rb2 1

[Event "Torneo Nuevo Centro. Jornada 8"]
[Site "Chess.com"]
[Date "2020.08.07"]
[Round "2"]
[White "Martínez Escandell, Alfonso"]
[Black "Gil López, Alejandro"]
[Result "0-1"]
[WhiteElo "1834"]
[BlackElo "2208"]
[TimeControl "180+2"]
[EndTime "10:49:57 PDT"]
[Termination "Victoria de AglVal0313 por abandono"]

1. e4 c5 2. Nf3 g6 3. d4 Bg7 4. c3 cxd4 5. cxd4 Nc6 6. Nc3 d6 7. Bb5 Bd7 8. O-O Nf6 9. d5 Nb8 10. Bxd7+ Nbxd7 11. Bg5 O-O 12. Qd2 Nc5 13. Rfe1 Rc8 14.
Bh6 Qb6 15. Bxg7 Kxg7 16. Rab1 Qb4 17. a3 Qb6 18. b4 Ncd7 19. e5 Nxe5 20. Nxe5 dxe5 21.
Rxe5 Rc7 22. Rbe1 Rfc8 23. Na4 Qd6 24. Nc5 b6 25. Nb3 Ng4 26. f4 Nxe5 27. fxe5 Qd8 28.
Nd4 Rd7 29. d6 exd6 30. e6 Re7 31. exf7 Rxe1+ 32. Qxe1 Qf6 33. f8=Q+ Kxf8 34. Nf3 Qe7 35. Qd2 Re8 36. Kh1 Kg7 37. h3 h6 38. Qd4+ Qf6 39.
Qd5 g5 40. Qb7+ Re7 41. Qd5 Kg6 42. Qd3+ Kg7 43. Nd4 Rf7 44. Nb5 Qf1+ 45. Qxf1 Rxf1+ 46. Kh2 Ra1 47. Nxa7 Rxa3 48. Nc8 Rb3 49. Nxb6 Rxb4 50. Nc8 Rd4 51. Ne7 Kf6 52. Nc6 Rd1 53. Nb4 d5 0

[Event "Torneo Nuevo Centro. Jornada 8"]
[Site "Chess.com"]
[Date "2020.08.07"]
[Round "2"]
[White "Sos Andreu, Eric"]
[Black "Bercaru, Vlad Ionut"]
[Result "1-0"]
[WhiteElo "2545"]
[BlackElo "1877"]
[TimeControl "180+2"]
[EndTime "10:50:10 PDT"]
[Termination "Victoria de ericovski por jaque mate"]

1. d4 Nf6 2. c4 g6 3. Nc3 Bg7 4. e4 d6 5. Nf3 O-O 6. Be2 e5 7.
O-O Nc6 8. d5 Ne7 9. b4 Ne8 10.
c5 f5 11. Nd2 f4 12. a4 g5 13.
Ba3 Rf6 14. Nc4 Bf8 15. b5 Ng6 16. a5 dxc5 17. Rb1 b6 18. Bg4 Nd6 19. Nd2 Kg7 20.
Bb2 Nf7 21. Na2 Bd6 22. Nc1 Qe7 23. Nd3 Bxg4 24. Qxg4 Rh8 25. Qh5 Nh4 26. Nc4 Rh6 27. Qg4 Ng6 28. g3 Qe8 29. axb6 axb6 30. Ra1 Qc8 31. Qxc8 Rxc8 32. Ra7 fxg3 33. hxg3 Rh3 34. Kg2 Rh6 35. Rfa1 g4 36. Ra8 Rxa8 37. Rxa8 Rh5 38. Ne3 Kf6 39. Nxg4+ Kg5 40. f3 Nh6 41. Ngxe5 Nxe5 42. Nxe5 Bxe5 43. Bxe5 Kg6 44. Bxc7 Nf7 45. f4 Rh6 46.
Rg8+ Kf6 47. e5+ Ke7 48. e6 Nd6 49. Bxd6+ Kxd6 50. Rd8+ Ke7 51. Rd7+ Kf6 52. g4 Rg6 53. Rf7# 1

[Event "Torneo Nuevo Centro. Jornada 8"]
[Site "Chess.com"]
[Date "2020.08.07"]
[Round "2"]
[White "Rodriguez Rodriguez, Joan David "]
[Black "Méndez Giménez , Néstor Emmanuel"]
[Result "1-0"]
[WhiteElo "1712"]
[BlackElo "1184"]
[TimeControl "180+2"]
[EndTime "10:51:56 PDT"]
[Termination "Victoria de Not_Jr_chess por jaque mate"]

1. d4 e6 2. c4 d5 3. Nc3 Nf6 4. cxd5 exd5 5. Bg5 Nc6 6. Bxf6 Qxf6 7. Nxd5 Qd6 8. e4 Be6 9. Nc3 Nxd4 10. Nge2 Nxe2 11. Qxd6 Bxd6 12. Bxe2 O-O-O 13. O-O h5 14. f4 h4 15. a3 h3 16. g3 Bc5+ 17. Kh1 Rd2 18. f5 Bd7 19.
Bg4 f6 20. Nd5 Bc6 21. b4 Bd4 22. Ne7+ Kd8 23. Nxc6+ bxc6 24. Rad1 Bc3 25. Rxd2+ Bxd2 26. Rd1 Kc8 27. Rxd2 Kb7 28. Be2 Kb6 29. a4 a5 30.
bxa5+ Kxa5 31. Bd1 Rb8 32. Kg1 Rb1 33. Kf2 Kb4 34.
Kf3 c5 35. Be2 c4 36. Rd4 Kc3 37. Rxc4+ Kb3 38. Rxc7 Kxa4 39. Rxg7 Rb3+ 40. Kg4 Rb2 41. Bf3 Rxh2 42. Ra7+ Kb5 43. e5 fxe5 44. f6 e4 45.
Bxe4 Rf2 46. Bf3 h2 47. f7 h1=Q 48. Bxh1 Kb6 49. Re7 Kc5 50. Kg5 Kd6 51. Ra7 Ke6 52. g4 Rf6 53. Bc6 Rxf7 54. Rxf7 Kxf7 55. Bd5+ Kg7 56.
Kf5 Kf8 57. Kf6 Ke8 58. g5 Kf8 59. g6 Ke8 60. g7 Kd7 61. g8=Q Kd6 62. Qe6+ Kc5 63.
Bf3 Kd4 64. Qd5+ Ke3 65. Kf5 Kf2 66. Bg4 Kg3 67. Kg5 Kh2 68. Qd2+ Kg3 69. Qe3+ Kg2 70. Qf3+ Kh2 71. Bh3 Kg1 72. Qg2# 1

[Event "Torneo Nuevo Centro. Jornada 8"]
[Site "Chess.com"]
[Date "2020.08.07"]
[Round "3"]
[White "Marques Montolio, Luis"]
[Black "Roca Cruz, Rafael"]
[Result "0-1"]
[WhiteElo "1428"]
[BlackElo "1799"]
[TimeControl "180+2"]
[EndTime "10:53:40 PDT"]
[Termination "Victoria de RafaRocaCruz por abandono"]

1. e4 c5 2. Nf3 e6 3. d4 cxd4 4.
Nxd4 Nf6 5. Nc3 Bb4 6. f3 d5 7.
exd5 Nxd5 8. Bd2 Qh4+ 9. g3 Qxd4 10. Bb5+ Bd7 11. Nxd5 Bxd2+ 12. Qxd2 Qxd2+ 13. Kxd2 exd5 0

[Event "Torneo Nuevo Centro. Jornada 8"]
[Site "Chess.com"]
[Date "2020.08.07"]
[Round "3"]
[White "Miranda Calvo, Max Rodrigo"]
[Black "Grigorev, Artur "]
[Result "1-0"]
[WhiteElo "1350"]
[BlackElo "972"]
[TimeControl "180+2"]
[EndTime "10:54:58 PDT"]
[Termination "Victoria de bas-max-miranda por abandono"]

1. e4 e5 2. Nf3 Nc6 3. Bc4 Bc5 4. d3 Nf6 5. Bg5 h6 6. Bh4 d5 7.
exd5 Nxd5 8. Bxd8 Kxd8 9. Bxd5 Bg4 10. Nbd2 Nb4 11. Bxb7 Bxf3 12. Nxf3 Rb8 13. c3 1

[Event "Torneo Nuevo Centro. Jornada 8"]
[Site "Chess.com"]
[Date "2020.08.07"]
[Round "3"]
[White "Donate Peris, Jose Manuel"]
[Black "Martin Ayala, David"]
[Result "0-1"]
[WhiteElo "1541"]
[BlackElo "1859"]
[TimeControl "180+2"]
[EndTime "10:55:17 PDT"]
[Termination "Victoria de martinayala por abandono"]

1. d4 e5 2. dxe5 d6 3. exd6 Bxd6 4. Nf3 Bg4 5. e4 Nc6 6. Be2 Qe7 7. Nc3 O-O-O 8.
Bd2 Nf6 9. h3 Bh5 10. Ng5 Bxe2 11. Qxe2 Nd4 12. Qd3 Be5 13. O-O-O Nb3+ 14. axb3 Rxd3 0

[Event "Torneo Nuevo Centro. Jornada 8"]
[Site "Chess.com"]
[Date "2020.08.07"]
[Round "3"]
[White "Conon, Catalin"]
[Black "Pardo Ruiz, Carlos"]
[Result "1-0"]
[WhiteElo "1942"]
[BlackElo "1672"]
[TimeControl "180+2"]
[EndTime "10:56:20 PDT"]
[Termination "Victoria de CatalinConon por jaque mate"]

1. b3 e5 2. Bb2 Nc6 3. e3 d5 4.
Bb5 Bd6 5. f4 Qe7 6. Nf3 Bg4 7.
fxe5 Bxf3 8. Qxf3 Bxe5 9. d4 Bf6 10. O-O Nh6 11. Nc3 Rd8 12. Nxd5 Qd6 13. Nxf6+ gxf6 14.
Bxc6+ bxc6 15. Qxf6 Qxf6 16. Rxf6 Ng4 17. Rf3 Kd7 18. h3 Nh6 19. Raf1 Rde8 20. d5 Rhg8 21. dxc6+ Kxc6 22. Rf6+ Re6 23. Rxe6+ fxe6 24. Rf6 Rg6 25. Rxg6 hxg6 26. Kf2 Nf5 27. e4 Nd6 28. Ke3 Kd7 29. h4 Ke7 30. Ba3 e5 31. Bxd6+ cxd6 32. g4 Kf6 33. c4 a5 34. a3 g5 35. h5 Kg7 36.
b4 axb4 37. axb4 d5 38. b5 dxc4 39. b6 c3 40. b7 c2 41. Kd2 c1=Q+ 42. Kxc1 Kh7 43.
b8=Q Kh6 44. Qxe5 Kh7 45. Qxg5 Kh8 46. h6 Kh7 47. Qg7# 1

[Event "Torneo Nuevo Centro. Jornada 8"]
[Site "Chess.com"]
[Date "2020.08.07"]
[Round "3"]
[White "Hernández Tomás, Efrén"]
[Black "Rabbani Perez, Oumaima "]
[Result "1-0"]
[WhiteElo "1076"]
[BlackElo "620"]
[TimeControl "180+2"]
[EndTime "10:56:40 PDT"]
[Termination "Victoria de EfrenHT10 por jaque mate"]

1. e4 e6 2. Nf3 Nf6 3. d3 Bc5 4. Bg5 h6 5. Bh4 g5 6. Bg3 Ng4 7. h3 Nxf2 8. Bxf2 Bxf2+ 9. Kxf2 Qe7 10. Ne5 Qc5+ 11. d4 Qa5 12. Nc3 c5 13. Qf3 cxd4 14. Qxf7+ Kd8 15. Qf6+ Ke8 16. Qxh8+ Ke7 17. Qg7+ Ke8 18.
Ne2 d3 19. cxd3 Qb6+ 20. Ke1 Qa5+ 21. Nc3 Nc6 22. Nxc6 bxc6 23. Be2 Ba6 24. Qg8+ Ke7 25. Qxa8 Qc5 26. Rf1 Qe3 27. Qf8# 1

[Event "Torneo Nuevo Centro. Jornada 8"]
[Site "Chess.com"]
[Date "2020.08.07"]
[Round "3"]
[White "Perez Garcia, Jose Miguel"]
[Black "Chofre Murcia, Adrián"]
[Result "1-0"]
[WhiteElo "2032"]
[BlackElo "1678"]
[TimeControl "180+2"]
[EndTime "10:58:01 PDT"]
[Termination "Victoria de PEREZOV69 por jaque mate"]

1. e4 e5 2. Nf3 Nc6 3. Bc4 Bc5 4.
c3 Nf6 5. d4 exd4 6. e5 Qe7 7.
cxd4 Bb4+ 8. Nc3 d5 9. Bb5 Bg4 10. O-O Bxf3 11. Qxf3 Nd7 12. Nxd5 Qd8 13. Bxc6 bxc6 14.
Nxb4 O-O 15. Nxc6 Qe8 16. Bg5 Nb6 17. Be7 Qd7 18. Bxf8 Kxf8 19. Rac1 Re8 20. Rfd1 Na4 21. b3 Nb2 22. Rd2 Na4 23. bxa4 Re6 24. d5 Re8 25. e6 Qd6 26. Qxf7# 1

[Event "Torneo Nuevo Centro. Jornada 8"]
[Site "Chess.com"]
[Date "2020.08.07"]
[Round "3"]
[White "Gimenez Saiz, Jose Raul"]
[Black "Alegre Romaguera, Francesc"]
[Result "1-0"]
[WhiteElo "1724"]
[BlackElo "1348"]
[TimeControl "180+2"]
[EndTime "10:59:32 PDT"]
[Termination "Victoria de rango013 por jaque mate"]

1. d4 e5 2. dxe5 Nc6 3. Nf3 Qe7 4. Bf4 Qb4+ 5. Bd2 Qxb2 6. Nc3 Nb4 7. Nd4 Bc5 8. Rb1 Qa3 9. Ndb5 Qa5 10. Nd5 Bb6 11. Rxb4 Kd8 12. Rb2 Qa4 13. e3 c6 14. Ndc3 Qh4 15.
Nd6 Qh5 16. Qxh5 Nh6 17. e4 Ke7 18. Bxh6 gxh6 19. Qxh6 Ba5 20. Qf6+ Kf8 21. Qxh8+ Ke7 22. Qf6+ Kf8 23. Qxf7# 1